Map: Nightscape LE

Players

Van

  • Race: Zerg Zerg
  • League: Platinum
  • Spawn Location: 7:00

Billy

  • Race: Protoss Protoss
  • League: Gold
  • Spawn Location: 7:00

Massa - Winner!

  • Race: Terran Terran
  • League: Platinum
  • Spawn Location: 1:00

qqq - Winner!

  • Race: Zerg Zerg
  • Spawn Location: 1:00

VOD

Have the link to the VOD?

Description

Time

  • Played on: Oct. 20, 2020, 4:10 p.m.
  • Length: 18:41
Show
View Real Time Build Order
Export as new Build Order

Van Zerg 

Build Orders: Hatch First, Swarm Host 

Get SALT Encoding   

  12  0:00  Drone  
  13  0:12  Overlord  
  13  0:16  Drone  
  14  0:31  Drone x2  
  16  0:46  Drone  
  17  0:53  Hatchery  
  16  1:05  Spawning Pool  
  16  1:08  Drone  
  16  1:17  Drone x2, Extractor  
  17  1:24  Overlord  
  17  1:33  Drone  
  18  1:47  Drone  
  18  1:53  Zergling x2  
  20  1:56  Queen  
  22  2:03  Zergling x2  
  22  2:05  Queen  
  22  2:07  Drone  
  26  2:12  Extractor  
  25  2:19  Drone x2  
  27  2:33  Drone  
  27  2:34  Drone  
  29  2:42  Drone x2  
  31  2:49  Roach Warren, Lair  
  30  2:53  Queen  
  30  2:56  Drone  
  33  3:07  Zergling x6  
  36  3:22  Overlord x2  
  36  3:23  Overlord  
  36  3:26  Metabolic Boost  
  36  3:29  Overlord  
  36  3:42  Drone x3  
  36  3:43  Drone x2  
  41  4:10  Infestation Pit  
  41  4:12  Nydus Network  
  39  4:19  Roach  
  39  4:20  Roach x3  
  47  4:24  Drone  
  47  4:25  Drone x3  
  51  4:48  Spore Crawler  
  51  4:50  Spore Crawler  
  51  4:52  Swarm Host x2  
  49  4:53  Spore Crawler  
  49  4:56  Zergling x2  
  55  5:02  Drone x3  
  55  5:04  Drone x2  
  60  5:07  Extractor  
  60  5:08  Extractor  
  58  5:24  Swarm Host x2  
  58  5:25  Spine Crawler  
  63  5:28  Swarm Host  
  66  5:40  Zergling x6  
  66  5:41  Zergling x2  
  67  6:08  Overlord x2  
  67  6:14  Drone  
  67  6:16  Glial Reconstitution  
  68  6:28  Swarm Host x3  
  77  6:45  Nydus Canal  
  60  7:16  Roach x2  
  60  7:17  Roach x4  
  60  7:20  Overlord x3  
  60  7:21  Zergling x2  
  60  7:22  Zergling x6  
  76  7:24  Overlord x3  
  76  7:53  Hatchery  
  76  7:54  Nydus Canal  
  75  8:05  Drone x3  
  77  8:06  Drone x3  
  81  8:14  Nydus Canal  
  81  8:29  Nydus Canal  
  81  8:32  Zergling x4  
  81  8:33  Zergling x4  
  85  8:39  Overlord  
  85  8:56  Zergling x2  
  85  8:57  Zergling x4  
  88  9:18  Swarm Host x3  
  88  9:19  Swarm Host x3  
  106  9:36  Drone, Hydralisk Den  
  106  9:37  Queen  
  108  9:39  Drone x5  
  108  9:41  Queen  
  115  9:51  Nydus Canal  
  115  9:54  Zergling x4  
  115  9:58  Drone  
  115  9:59  Baneling Nest  
  117  10:31  Hydralisk x4  
  117  10:32  Hydralisk x2  
  117  10:35  Overlord x2  
  129  10:41  Extractor, Drone  
  129  10:42  Drone  
  130  10:45  Extractor  
  130  10:48  Grooved Spines  
  129  11:01  Nydus Canal  
  129  11:04  Hydralisk x4  
  129  11:05  Hydralisk  
  129  11:10  Lurker Den  
  138  11:34  Evolution Chamber  
  138  11:35  Evolution Chamber  
  136  11:43  Baneling x6  
  136  11:44  Baneling x2  
  136  11:45  Roach x2  
  136  11:46  Hydralisk, Roach x2  
  146  12:07  Nydus Canal  
  146  12:09  Overlord x2  
  146  12:10  Overlord  
  146  12:48  Nydus Canal  
  145  12:59  Spore Crawler, Burrow  
  145  13:02  Spore Crawler  
  145  13:05  Overseer x2  
  143  13:11  Overlord x3  
  124  13:53  Drone  
  124  13:54  Drone x5  
  130  13:58  Overlord  
  130  14:06  Spore Crawler  
  129  14:10  Zerg Missile Weapons Level 1  
  129  14:11  Zerg Ground Armor Level 1  
  129  14:13  Muscular Augments  
  129  14:16  Spire  
  128  14:23  Overseer  
  128  14:24  Overseer  
  128  14:28  Overlord x3  
  91  15:10  Nydus Canal  
  91  15:11  Hydralisk x2  
  91  15:12  Hydralisk x7  
  97  15:37  Nydus Canal  
  97  15:46  Mutalisk, Corruptor  
  97  15:47  Corruptor x4  
  90  16:31  Zergling x6  
  90  16:32  Zergling x6  
  84  16:51  Drone x5  
  89  17:02  Corruptor  
  89  17:03  Corruptor  
  93  17:19  Hatchery  
  93  17:22  Corruptor x2  
  92  17:33  Corruptor  
  94  17:41  Nydus Canal  
  94  17:43  Corruptor  
  93  17:55  Corruptor  
Show
View Real Time Build Order
Export as new Build Order

Billy Protoss 

Build Orders: Double Forge 

Get SALT Encoding   

  12  0:01  Probe (Chrono Boost)  
  13  0:12  Probe (Chrono Boost)  
  14  0:17  Pylon  
  14  0:20  Probe  
  15  0:38  Gateway  
  15  0:39  Probe  
  16  0:51  Probe  
  16  0:55  Assimilator  
  17  1:03  Probe (Chrono Boost)  
  18  1:15  Probe (Chrono Boost)  
  19  1:23  Probe (Chrono Boost)  
  20  1:26  Cybernetics Core  
  20  1:30  Assimilator  
  20  1:31  Probe  
  21  1:36  Pylon  
  21  1:43  Probe  
  22  1:55  Probe  
  23  2:02  Warp Gate  
  23  2:07  Probe  
  26  2:10  Adept (Chrono Boost)  
  25  2:19  Probe  
  26  2:31  Nexus  
  26  2:45  Probe  
  27  2:57  Probe  
  28  3:09  Probe  
  28  3:10  Twilight Council  
  29  3:21  Probe, Pylon  
  30  3:33  Probe  
  29  3:42  Gateway  
  29  3:44  Gateway  
  29  3:45  Probe  
  30  3:51  Gateway  
  30  3:53  Stalker  
  32  4:02  Probe x2  
  34  4:06  Blink (Chrono Boost)  
  34  4:07  Gateway  
  34  4:15  Templar Archives  
  34  4:23  Assimilator  
  34  4:26  Stalker  
  34  4:28  Assimilator  
  34  4:31  Pylon  
  36  4:39  Probe x2  
  38  4:47  Forge  
  38  4:50  Forge  
  38  4:51  Probe x2  
  40  5:03  Probe  
  40  5:06  Probe  
  42  5:10  Stalker  
  42  5:11  Zealot, Stalker  
  42  5:12  Zealot  
  50  5:15  Probe  
  50  5:18  Probe  
  52  5:27  Probe, Zealot  
  55  5:31  Probe  
  56  5:39  Probe  
  56  5:42  Stalker x3  
  60  5:43  Stalker  
  60  5:55  Stalker  
  54  6:07  Probe x2  
  56  6:20  Probe x2  
  58  6:32  Probe x2  
  59  6:44  Probe x2  
  59  6:45  Pylon, Nexus  
  61  6:47  Pylon  
  61  7:20  Zealot x5  
  67  7:27  Protoss Ground Weapons Level 1 (Chrono Boost)  
  67  7:29  Psionic Storm  
  67  7:31  Protoss Ground Armor Level 1 (Chrono Boost)  
  67  7:34  Charge (Chrono Boost)  
  67  7:44  Probe x2  
  69  7:56  Probe x2  
  71  8:05  Pylon  
  71  8:06  High Templar x4  
  71  8:07  Pylon  
  71  8:08  Probe, High Templar  
  82  8:13  Archon x2  
  82  8:22  Probe x2  
  82  8:25  Assimilator  
  84  8:30  Assimilator  
  84  8:32  Photon Cannon  
  84  8:34  Photon Cannon  
  84  8:36  Photon Cannon  
  84  8:37  Shield Battery  
  84  8:39  Photon Cannon  
  84  8:41  High Templar x2  
  86  8:42  Photon Cannon, Stalker x3  
  86  8:43  Shield Battery  
  94  8:52  Probe  
  94  8:53  Probe x2  
  97  9:04  Probe  
  97  9:05  Probe x2  
  97  9:08  Gateway  
  100  9:16  Probe  
  101  9:18  Stalker  
  101  9:19  Zealot, Stalker  
  101  9:20  Zealot  
  109  9:26  Pylon  
  109  9:28  Pylon  
  109  9:35  Photon Cannon  
  109  9:38  Photon Cannon  
  109  9:43  Photon Cannon  
  109  9:44  Probe x3  
  112  9:54  Nexus  
  112  9:55  Pylon  
  112  9:56  Probe, High Templar x2  
  112  9:57  Pylon  
  112  9:58  High Templar x3  
  123  10:01  Archon  
  123  10:02  Pylon  
  123  10:03  Archon  
  123  10:04  Pylon  
  123  10:10  Protoss Ground Weapons Level 2 (Chrono Boost)  
  123  10:11  Protoss Ground Armor Level 2 (Chrono Boost)  
  123  10:22  Zealot  
  125  10:32  Stalker  
  125  10:33  Stalker x2  
  125  10:34  Stalker  
  133  10:43  Probe  
  133  10:44  Probe x2  
  86  11:35  Stalker  
  86  11:36  Stalker x3  
  86  11:37  Stalker  
  86  11:38  Stalker  
  78  12:16  Zealot x5  
  78  12:17  Zealot  
  90  12:34  Protoss Shields Level 1 (Chrono Boost)  
  90  12:35  Pylon  
  90  12:36  Protoss Ground Weapons Level 3 (Chrono Boost)  
  76  12:54  Stalker  
  76  12:55  Stalker x2  
  76  12:56  Zealot x3  
  88  13:02  Photon Cannon  
  88  13:04  Photon Cannon  
  88  13:08  Photon Cannon  
  88  13:09  Photon Cannon  
  82  13:17  Stalker  
  82  13:18  Stalker x3  
  82  13:19  Stalker  
  87  13:20  Stalker  
  75  13:45  Zealot x4  
  75  13:46  Zealot x2  
  85  14:07  Gateway  
  84  14:15  Nexus, Stalker  
  84  14:16  Stalker x4  
  94  14:17  Stalker  
  94  14:18  Pylon  
  94  14:19  Gateway  
  94  14:22  Gateway, Pylon  
  96  14:24  Gateway  
  96  14:35  Protoss Ground Armor Level 3  
  96  14:42  Stalker x3  
  96  14:43  Zealot x2, Stalker  
  84  15:05  High Templar x3  
  84  15:06  High Templar  
  90  15:11  Archon x2  
  90  15:12  High Templar x2  
  90  15:13  High Templar  
  76  15:43  Zealot x3  
  76  15:44  Zealot x2  
  76  15:45  Zealot x4  
  68  15:59  Stalker  
  64  16:07  Zealot x2  
  64  16:08  Zealot x2  
  64  16:09  Zealot x3  
  64  16:10  Zealot x2  
  61  16:28  Pylon  
  61  16:29  Probe  
  61  16:30  Probe x3  
  65  16:42  Probe x2  
  65  16:45  Stalker  
  65  16:46  Stalker x3  
  75  16:47  Stalker  
  75  16:48  Stalker x2  
  75  16:49  High Templar x3  
  76  17:12  Zealot x2  
  76  17:13  Zealot x5  
  58  17:38  Gateway  
  55  17:55  Zealot x2  
  55  17:56  Zealot x3  
  55  17:57  Stalker x5  
  66  18:22  Zealot x2  
  66  18:23  Zealot  
  66  18:24  Zealot x2  
  66  18:25  Stalker x5  
Show
View Real Time Build Order
Export as new Build Order

Massa Terran - Winner!

Build Orders:  

Get SALT Encoding   

  12  0:00  SCV  
  13  0:12  SCV  
  14  0:22  Supply Depot  
  14  0:24  SCV  
  15  0:29  Refinery  
  15  0:44  SCV  
  15  0:46  Barracks  
  16  0:56  SCV  
  17  1:08  SCV  
  18  1:20  SCV  
  19  1:32  SCV  
  20  1:33  Reaper  
  21  1:41  Command Center  
  21  1:46  Orbital Command  
  21  2:05  Marine  
  22  2:14  SCV  
  23  2:25  Supply Depot  
  23  2:28  Factory  
  23  2:31  Barracks Reactor  
  23  2:38  Supply Depot  
  23  2:57  Orbital Command  
  23  2:59  SCV  
  24  3:11  SCV  
  25  3:23  Refinery, SCV  
  24  3:35  Hellion x2  
  24  3:36  SCV  
  24  3:37  Barracks Tech Lab  
  24  3:41  Barracks  
  29  3:44  Starport  
  29  3:47  SCV  
  29  3:48  SCV  
  31  3:49  Refinery  
  31  3:52  Engineering Bay  
  31  3:55  Refinery  
  31  3:56  Hellion x2, Supply Depot  
  31  3:59  SCV  
  31  4:00  SCV  
  37  4:05  Stimpack  
  37  4:11  SCV  
  37  4:12  SCV  
  39  4:18  Hellion, Marauder  
  39  4:22  Hellion  
  39  4:23  SCV  
  46  4:24  SCV  
  46  4:26  Medivac  
  46  4:30  Barracks Reactor  
  49  4:36  Missile Turret  
  49  4:38  Missile Turret  
  49  4:40  Marauder  
  51  4:49  Widow Mine x2  
  55  5:00  Viking  
  55  5:01  Marauder  
  59  5:10  Widow Mine  
  61  5:20  Supply Depot x2  
  61  5:21  Supply Depot  
  61  5:22  Supply Depot  
  61  5:42  Widow Mine  
  63  5:44  Marauder  
  63  5:48  Marine x2  
  67  6:01  SCV x2  
  69  6:05  Marauder  
  69  6:06  Marine x2  
  73  6:13  SCV x2  
  75  6:25  SCV x2  
  77  6:26  Marauder  
  75  6:37  SCV  
  70  7:00  Medivac  
  70  7:07  Factory Tech Lab  
  62  7:17  Terran Infantry Weapons Level 1  
  62  7:25  Armory  
  62  7:30  Medivac  
  62  7:33  SCV x2  
  66  7:40  Command Center  
  66  7:45  SCV x2  
  66  7:46  Supply Depot  
  68  7:55  Marauder, Marine x2  
  68  7:57  SCV x2  
  74  8:00  Siege Tank  
  74  8:02  Barracks  
  77  8:07  Liberator  
  77  8:10  Supply Depot  
  80  8:13  Marine x2  
  80  8:16  Marauder  
  84  8:30  Marine  
  84  8:31  Marine  
  84  8:32  Siege Tank, Supply Depot  
  89  8:37  SCV x2, Marauder  
  93  8:42  Combat Shield  
  93  8:48  Marine  
  93  8:49  SCV x2, Marine  
  93  8:50  Sensor Tower  
  97  8:59  Marauder  
  97  9:01  SCV x2  
  101  9:05  Siege Tank  
  101  9:08  Marine x2  
  101  9:09  Marine x2  
  108  9:19  Factory  
  108  9:20  Marauder, Factory  
  110  9:24  Factory  
  110  9:26  Marine x3  
  113  9:32  Missile Turret  
  113  9:37  Siege Tank  
  116  9:42  Marauder  
  118  9:49  Terran Vehicle Weapons Level 1  
  118  9:52  Armory  
  118  9:53  Missile Turret  
  118  9:57  Supply Depot x2  
  118  9:58  Orbital Command  
  118  9:59  SCV  
  120  10:00  SCV  
  120  10:01  Concussive Shells  
  120  10:03  Marauder  
  122  10:11  SCV  
  123  10:16  Missile Turret  
  123  10:21  Supply Depot  
  123  10:22  Supply Depot  
  123  10:39  Refinery  
  123  10:40  Missile Turret  
  123  10:45  Factory Tech Lab  
  123  10:46  Factory Tech Lab x2, Command Center, Supply Depot x2  
  123  10:48  Thor  
  129  10:52  Marauder  
  131  11:02  Starport  
  131  11:08  Barracks Tech Lab  
  131  11:13  Supply Depot  
  119  11:40  Thor x4  
  143  12:23  Thor x3  
  159  12:59  Marauder x2, Marine  
  159  13:00  Marine  
  160  13:17  Marine  
  160  13:18  Marine  
  160  13:20  Marauder x2  
  155  13:33  Thor x4  
  175  13:35  Marine x2  
  167  13:41  Marauder  
  167  13:42  Marauder  
  141  13:53  Marine x2  
  135  14:02  SCV x3  
  138  14:03  Marauder x2  
  138  14:09  Refinery, Terran Vehicle Weapons Level 2  
  142  14:10  Terran Vehicle And Ship Armor Level 1  
  142  14:11  Marine x2  
  142  14:12  Engineering Bay  
  142  14:14  SCV x2  
  142  14:15  SCV  
  142  14:16  Thor x2  
  159  14:24  Marauder x2  
  159  14:26  SCV  
  159  14:27  SCV x2  
  159  14:28  Marine  
  159  14:29  Marine  
  168  14:34  Siege Tank x2  
  168  14:38  SCV  
  168  14:39  SCV x2  
  168  14:41  Orbital Command  
  171  14:46  Marauder x2, Marine  
  171  14:47  Refinery, Marine  
  171  14:50  SCV  
  171  14:51  Refinery, SCV x2  
  177  15:02  SCV  
  177  15:03  SCV x2  
  177  15:04  Marine  
  177  15:05  Marine  
  184  15:07  Marauder x2  
  188  15:28  Marauder x2  
  165  15:36  Marine  
  165  15:42  Marine  
  156  15:44  Siege Tank x4  
  172  15:50  Marauder x2  
  172  15:54  Marine  
  168  16:00  Marine  
  169  16:11  Marauder x2  
  169  16:12  Marine  
  169  16:16  Thor x2, Siege Tank x2  
  169  16:17  Marine  
  143  16:30  Marine  
  144  16:32  Marauder  
  144  16:33  Marauder  
  144  16:35  Marine  
  144  16:39  Missile Turret  
  145  16:40  Missile Turret  
  145  16:47  Marine  
  145  16:53  Marine x2  
  150  16:54  Marauder  
  149  17:01  Missile Turret  
  149  17:02  Missile Turret  
  149  17:05  Marine  
  150  17:12  Marauder  
  153  17:15  Marauder  
  145  17:23  Missile Turret  
  145  17:25  Missile Turret  
  137  17:33  Marauder  
  137  17:37  Marauder  
  141  17:57  Siege Tank x4  
  153  18:12  Bunker  
Show
View Real Time Build Order
Export as new Build Order

qqq Zerg - Winner!

Build Orders: Hatch First, Brood Lord Corruptor, Roach Hydra 

Get SALT Encoding   

  12  0:01  Drone  
  13  0:08  Drone  
  14  0:37  Hatchery  
  14  0:40  Drone  
  14  1:00  Spawning Pool  
  13  1:04  Overlord  
  13  1:08  Drone  
  14  1:17  Extractor  
  14  1:18  Drone  
  14  1:24  Drone  
  15  1:27  Drone  
  16  1:41  Drone  
  17  1:55  Drone  
  17  2:00  Queen  
  20  2:01  Drone, Roach Warren  
  20  2:03  Drone  
  21  2:10  Extractor, Drone  
  21  2:21  Drone  
  21  2:22  Baneling Nest  
  21  2:26  Drone  
  21  2:28  Drone  
  23  2:32  Drone  
  23  2:35  Drone  
  25  2:38  Drone  
  25  2:44  Zergling x2  
  27  2:45  Drone  
  28  2:53  Overlord  
  28  3:06  Overlord  
  28  3:10  Queen  
  28  3:11  Roach  
  34  3:12  Roach  
  34  3:13  Baneling  
  34  3:14  Baneling  
  34  3:19  Roach  
  36  3:21  Overlord  
  36  3:26  Drone  
  36  3:27  Drone  
  38  3:30  Roach  
  44  3:41  Roach x2  
  44  3:42  Drone  
  45  3:49  Extractor  
  45  3:50  Drone  
  45  3:54  Drone, Extractor  
  45  3:57  Drone  
  45  3:58  Drone x2  
  45  4:00  Drone x2  
  50  4:10  Lair  
  50  4:11  Overlord  
  50  4:15  Drone  
  51  4:19  Drone  
  51  4:20  Overlord  
  52  4:32  Roach  
  52  4:34  Roach  
  56  4:39  Drone  
  56  4:40  Roach  
  56  4:44  Roach  
  62  4:45  Drone  
  62  4:48  Drone, Hatchery  
  62  5:00  Overlord x3  
  62  5:09  Glial Reconstitution  
  62  5:17  Hydralisk Den  
  62  5:19  Zergling x4  
  63  5:29  Roach x4  
  63  5:30  Drone x3  
  72  5:56  Roach x3  
  77  5:57  Drone, Roach x2  
  77  5:58  Drone x2  
  84  6:13  Hydralisk  
  84  6:15  Drone x4  
  90  6:18  Extractor  
  89  6:28  Lurker Den  
  89  6:29  Drone  
  89  6:31  Evolution Chamber  
  88  6:37  Hatchery  
  82  6:50  Baneling x2  
  82  6:52  Roach x3  
  82  6:53  Drone x4  
  90  6:54  Overlord x2  
  90  6:55  Overlord x3  
  84  7:13  Roach  
  84  7:14  Roach x2  
  71  7:27  Roach x2  
  71  7:28  Roach x4  
  71  7:29  Roach x2  
  85  7:46  Drone, Queen  
  88  7:53  Hydralisk x4  
  88  7:56  Lurker  
  97  7:59  Zerg Missile Weapons Level 1  
  97  8:00  Muscular Augments  
  97  8:01  Hydralisk  
  97  8:02  Hydralisk  
  97  8:04  Drone  
  102  8:13  Hatchery  
  101  8:23  Hydralisk x3  
  101  8:25  Drone x6  
  101  8:26  Roach  
  115  8:32  Zergling x2  
  115  8:33  Zergling x8  
  120  8:48  Infestation Pit  
  114  9:05  Spire  
  108  9:12  Grooved Spines  
  108  9:16  Roach x2  
  108  9:17  Roach  
  108  9:23  Drone  
  109  9:27  Drone x2  
  109  9:28  Drone x2, Hydralisk x2  
  109  9:29  Hydralisk x2  
  109  9:31  Swarm Host x3  
  130  9:42  Zergling x6  
  130  9:43  Zergling x6  
  130  9:45  Hive  
  136  9:49  Extractor x2  
  134  10:09  Spire  
  133  10:14  Hatchery  
  112  10:34  Drone  
  112  10:35  Drone x5, Mutalisk x2  
  115  10:36  Mutalisk x2  
  123  11:13  Hatchery  
  123  11:15  Hatchery  
  56  11:44  Greater Spire  
  56  11:46  Zerg Missile Weapons Level 2  
  55  12:06  Hatchery  
  55  12:07  Drone x3  
  55  12:08  Drone x5  
  62  12:13  Hatchery  
  61  12:30  Corruptor x3  
  61  12:31  Corruptor x2  
  61  12:32  Mutalisk x3  
  61  12:33  Drone x3  
  81  12:37  Drone x2  
  81  12:38  Drone  
  83  12:45  Drone x3  
  83  12:47  Drone  
  87  13:08  Brood Lord x3  
  87  13:09  Brood Lord  
  87  13:11  Drone  
  87  13:12  Drone  
  97  13:28  Brood Lord, Corruptor  
  97  13:30  Drone x6  
  97  13:32  Drone  
  92  13:56  Corruptor x2  
  92  13:57  Corruptor  
  92  13:58  Drone x5  
  92  13:59  Drone x7  
  92  14:00  Drone  
  92  14:01  Drone  
  112  14:04  Extractor  
  112  14:09  Corruptor x2  
  113  14:14  Zergling x6  
  113  14:15  Zergling x6  
  113  14:16  Drone  
  122  14:18  Extractor  
  122  14:20  Extractor  
  120  14:24  Brood Lord  
  119  14:36  Spine Crawler  
  104  14:58  Drone  
  104  14:59  Drone x5  
  108  15:00  Drone x6  
  108  15:01  Overlord x3  
  108  15:03  Corruptor x4  
  122  15:19  Extractor  
  117  16:03  Drone x5  
  122  16:10  Brood Lord x2  
  122  16:11  Brood Lord x3  
  132  16:13  Brood Lord x4  
  132  16:14  Corruptor  
  132  16:16  Zergling x4  
  132  16:17  Drone x4, Zergling x6  
  132  16:18  Zergling x14  
  156  16:19  Drone, Zergling x2  
  156  16:20  Drone x2  
  162  16:27  Corruptor  
  162  16:28  Corruptor x2  
  162  16:30  Mutalisk  
  152  16:50  Spore Crawler  
  152  16:53  Corruptor x2  
  152  16:54  Spine Crawler, Spore Crawler, Corruptor x2  
  146  16:55  Corruptor  
  146  16:56  Drone x2  
  146  16:57  Drone x3  
  160  17:13  Extractor, Overlord x4  
  160  17:14  Overlord  
  155  17:18  Hydralisk  
  155  17:19  Hydralisk x2  
  157  17:30  Corruptor  
  157  17:31  Corruptor x3  
  157  17:32  Hydralisk  
  167  17:56  Corruptor x2  
  167  17:57  Corruptor x3  
  173  18:07  Hydralisk x2  
  173  18:08  Hydralisk x3  
  165  18:22  Zergling x10  
  165  18:23  Zergling x14  
Tags
 
Add a new tag
Caveats
  • Supply blocks, unpowered buildings, or Contaminate may cause inaccurate times.
  • Supply counts are checked every 10 seconds.